 Dungeon Crawl Stone Soup version 0.22-a0-571-g4a923d4 (webtiles) character file.

7152 Hebeh the Cleaver (level 10, -9/90 HPs)
             Began as a Minotaur Fighter on July 1, 2018.
             Was a Priest of Trog.
             Killed by divine providence
             ... invoked by an orc priest
              (14 damage)
             ... on level 9 of the Dungeon.
             The game lasted 00:25:04 (6421 turns).

Hebeh the Cleaver (Minotaur Fighter)                Turns: 6421, Time: 00:25:07

Health: -9/90      AC: 17    Str: 24    XL:     10   Next: 86%
Magic:  12/12      EV:  6    Int:  5    God:    Trog [***...]
Gold:   274        SH: 11    Dex: 10    Spells: 9/9 levels left

rFire    . . .     SeeInvis +   J - +3 flail (curse)
rCold    . . .     Gourm    .   x - +0 shield
rNeg     . . .     Faith    .   l - +0 plate armour
rPois    .         Spirit   .   D - +1 hat
rElec    .         Reflect  .   I - +1 cloak
rCorr    .         Harm     .   (no gloves)
MR       .....                  (no boots)
Stlth    ..........             w - amulet of regeneration
HPRegen  0.65/turn              k - ring of see invisible
MPRegen  0.13/turn              (no ring)

@: no status effects
A: retaliatory headbutt, horns 2
a: Berserk, Trog's Hand, Renounce Religion


You were on level 9 of the Dungeon.
You worshipped Trog.
Trog was most pleased with you.
You were not hungry.

You visited 1 branch of the dungeon, and saw 9 of its levels.

You collected 274 gold pieces.

Inventory:

Hand Weapons
 a - a +0 war axe
 b - a +0 mace of protection
 J - a cursed +3 flail (weapon)
Missiles
 E - 3 exploding tomahawks (quivered)
Armour
 l - a +0 plate armour (worn)
 x - a +0 shield (worn)
 D - a +1 hat (worn)
 I - a +1 cloak (worn)
Jewellery
 k - a ring of see invisible (left hand)
 w - an amulet of regeneration (around neck)
Wands
 m - a wand of paralysis (3)
 n - a wand of random effects (33)
 H - a wand of scattershot (3)
Scrolls
 e - 6 scrolls of identify
 g - a scroll of enchant armour {unknown}
 h - 2 scrolls of blinking
 i - a scroll of magic mapping
 o - a scroll of fog
 q - 4 scrolls of teleportation
 r - 2 scrolls of random uselessness {unknown}
 s - 4 scrolls of remove curse
 y - 2 scrolls of immolation {unknown}
 G - a scroll of enchant weapon {unknown}
Potions
 c - a potion of berserk rage {unknown}
 d - a potion of might
 j - a potion of haste {unknown}
 p - 3 potions of agility {unknown}
 t - a potion of mutation {unknown}
 u - 2 potions of heal wounds {unknown}
 v - a potion of ambrosia {unknown}
 z - a potion of lignification {unknown}
 A - a potion of flight {unknown}
 B - 4 potions of curing
 C - 2 potions of degeneration {unknown}
 F - a potion of cancellation {unknown}
Comestibles
 f - 10 rations


   Skills:
 + Level 8.8 Fighting
 * Level 11.3 Axes
 + Level 5.3 Throwing
 + Level 8.8 Armour
 + Level 8.8 Shields
 + Level 4.7 Evocations


You had 9 spell levels left.
You didn't know any spells.
Your spell library was empty.

Dungeon Overview and Level Annotations

Branches:
Dungeon (9/15)             Temple (0/1) D:7
   Lair: D:8-11         Orc: D:9-12

Altars:
Ashenzari
Elyvilon
Kikubaaqudgha
Okawaru
Ru
Sif Muna
Trog
Uskayaw
Wu Jian
Yredelemnul

Annotations:
D:3 2 transporters, KristoblXynda's ghost, amateur NaGl
D:8 3 runed doors, KeeTraxx's ghost, novice GnCK


Innate Abilities, Weirdness & Mutations

You reflexively headbutt those who attack you in melee.
You have a pair of horns on your head.


Message History

An orc comes into view. It is wielding a trident.
The orc shouts!
The orc priest invokes the aid of Beogh against you.
Pain shoots through your body!
* * * LOW HITPOINT WARNING * * *
The orc wizard gestures at you while chanting.
The puff of frost misses you.
Your plate armour prevents you from hitting the orc priest.
Your headbutt misses the orc priest.
The orc priest is almost dead.
The orc wizard mumbles some strange words.
The orc wizard seems to speed up.
You block the orc priest's attack.
You closely miss the orc priest.
The orc priest is almost dead.
The orc priest calls down the wrath of Beogh upon you.
Beogh smites you!
* * * LOW HITPOINT WARNING * * *
The orc priest calls down the wrath of Beogh upon you.
Beogh smites you!
You die...

#.....# #..#
###..†###... +..# .
#...†.# ... #..#### ..
#.....# .... #......
...#.$...#.o...
#......
.8...8..)#o....
#......
.........o......
#..####
.8.....o.#########..#
.......@............#
.8..................##
#....................#
.8.....##########....#
....... #....# .8...8.
#....# ....... #....#
#+###.. ###....###
..............


You could see 2 orc priests, an orc wizard and an orc.

Vanquished Creatures
  Gastronok (D:8)
  2 two-headed ogres
  Maurice (D:8)
  Psyche (D:8)
  2 hippogriffs (D:7)
  4 yaks (D:9)
  2 humans (D:7)
  A water moccasin (D:8)
  2 ice beasts
  A sky beast (D:6)
  An orc warrior (D:7)
  3 centaurs
  Blork the orc (D:6)
  3 bullfrogs
  A scorpion (D:7)
  4 killer bees (D:8)
  5 wights (D:8)
  5 howler monkeys
  4 crimson imps
  A quasit (D:5)
  A bullfrog zombie (D:7)
  A centaur zombie (D:8)
  2 hounds
  5 bullfrog skeletons
  An orc priest (D:8)
  Crazy Yiuf (D:3)
  A jelly (D:5)
  Terence (D:3)
  3 iguanas
  4 orc wizards
  2 worker ants (D:4)
  3 gnolls (D:4)
  4 adders
  An ooze (D:3)
  2 adder skeletons
  6 worms
  2 dart slugs (D:2)
  4 leopard geckos
  14 orcs
  7 bats
  8 giant cockroaches
  2 goblins (D:2)
  7 hobgoblins
  16 jackals
  5 kobolds
  6 quokkas
  A ball python (D:2)
  3 frilled lizards
  A quokka skeleton (D:7)
  6 rats
165 creatures vanquished.

Notes
Turn   | Place    | Note
-------+----------+-------------------------------------------
     0 | D:1      | Hebeh the Minotaur Fighter began the quest for the Orb.
     0 | D:1      | Reached XP level 1. HP: 19/19 MP: 0/0
    50 | D:1      | You fall through a shaft!
    60 | D:2      | Reached XP level 2. HP: 24/27 MP: 1/1
    80 | D:2      | Reached skill level 3 in Axes
   145 | D:2      | Reached XP level 3. HP: 14/33 MP: 2/2
   778 | D:3      | Found a transporter.
   780 | D:3      | Found a transporter.
   780 | D:3      | Noticed a phantom
   780 | D:3      | Noticed KristoblXynda's ghost (amateur NaGl)
   877 | D:3      | Found a runed door.
  1021 | D:3      | Reached XP level 4. HP: 16/40 MP: 3/3
  1022 | D:3      | Reached skill level 4 in Axes
  1342 | D:3      | Noticed Terence
  1354 | D:3      | Killed Terence
  1354 | D:3      | Reached XP level 5. HP: 47/47 MP: 4/4
  1890 | D:3      | Noticed Crazy Yiuf
  1894 | D:3      | Killed Crazy Yiuf
  2252 | D:4      | Found a bloodstained altar of Trog.
  2259 | D:4      | Became a worshipper of Trog the Wrathful
  2279 | D:4      | Reached skill level 5 in Axes
  2320 | D:4      | Reached XP level 6. HP: 54/55 MP: 5/5
  2321 | D:4      | Noticed a hand axe
  2321 | D:4      | Noticed a dagger
  2327 | D:4      | Found a hide-covered altar of Uskayaw.
  2512 | D:4      | Reached skill level 5 in Shields
  2656 | D:4      | Reached skill level 5 in Fighting
  2656 | D:4      | Reached skill level 5 in Armour
  2807 | D:5      | Entered Level 5 of the Dungeon
  2976 | D:5      | Noticed an ice beast
  2985 | D:5      | Killed an ice beast
  2985 | D:5      | Reached skill level 6 in Axes
  2985 | D:5      | Reached XP level 7. HP: 50/61 MP: 6/6
  3013 | D:5      | Reached * piety under Trog
  3255 | D:5      | Reached skill level 7 in Axes
  3690 | D:5      | Found a deep blue altar of Sif Muna.
  3691 | D:5      | Found a basalt altar of Yredelemnul.
  3698 | D:5      | Found a sacrificial altar of Ru.
  3700 | D:5      | Found a shattered altar of Ashenzari.
  3986 | D:6      | Reached skill level 1 in Throwing
  3986 | D:6      | Reached XP level 8. HP: 68/70 MP: 7/7
  4019 | D:6      | Noticed Blork the orc
  4020 | D:6      | Found an ancient bone altar of Kikubaaqudgha.
  4029 | D:6      | Killed Blork the orc
  4029 | D:6      | Reached skill level 1 in Evocations
  4455 | D:7      | Noticed a hippogriff
  4466 | D:7      | Killed a hippogriff
  4536 | D:7      | Reached skill level 8 in Axes
  4612 | D:7      | Found a staircase to the Ecumenical Temple.
  4779 | D:7      | Noticed a hippogriff
  4790 | D:7      | Killed a hippogriff
  4895 | D:7      | Noticed a two-headed ogre
  4903 | D:7      | Killed a two-headed ogre
  4903 | D:7      | Reached skill level 9 in Axes
  4903 | D:7      | Reached XP level 9. HP: 79/79 MP: 8/10
  4992 | D:7      | Found an ornate altar of the Wu Jian Council.
  5075 | D:7      | Found a white marble altar of Elyvilon.
  5152 | D:7      | Found an iron altar of Okawaru.
  5173 | D:7      | Reached ** piety under Trog
  5353 | D:8      | Noticed Gastronok
  5372 | D:8      | Killed Gastronok
  5372 | D:8      | Reached skill level 10 in Axes
  5372 | D:8      | Reached XP level 10. HP: 7/88 MP: 11/11
  5510 | D:8      | Found a runed gate.
  5511 | D:8      | Found a runed gate.
  5511 | D:8      | Found a runed gate.
  5511 | D:8      | Noticed KeeTraxx's ghost (novice GnCK)
  5616 | D:8      | Noticed a two-headed ogre
  5723 | D:8      | Noticed Maurice
  5756 | D:8      | Killed Maurice
  6007 | D:8      | Noticed Psyche
  6041 | D:8      | Killed Psyche
  6079 | D:8      | Noticed a two-headed ogre
  6092 | D:8      | Killed a two-headed ogre
  6092 | D:8      | Reached skill level 11 in Axes
  6092 | D:8      | Reached skill level 5 in Throwing
  6395 | D:9      | Reached *** piety under Trog
  6421 | D:9      | Killed from afar by an orc priest

Vault maps used:
D:1:      dpeg_arrival_stonehenge_12_columns, minivault_4
D:3:      gammafunk_ghost_arena, uniq_terence, uniq_crazy_yiuf_cottage
D:4:      dancing_weapons_uskayaw, old_standard_altar, first_ration,
          sigmund_army
D:5:      minitemple
D:6:      kiku_gazebo_pond_becter, hangedman_decor_diamond_cutter,
          uniq_blork_the_orc
D:7:      okawaru_humans, kennysheep_little_box, kennysheep_mini, temple_doors_e
D:8:      gammafunk_ghost_split, uniq_psyche, uniq_maurice, uniq_gastronok
D:9:      due_lair_maze_entry_diamond, orc_david_3, serial_column_ruins,
          column_ruins_courtyard_long, column_ruins_open_tiny,
          column_ruins_columns_straight, column_ruins_open_small,
          column_ruins_grid_1, column_ruins_open_small

Skill      XL: |  1  2  3  4  5  6  7  8  9 10 |
---------------+-------------------------------+-----
Axes           | 3 4 5 6 7 9 10 11 | 11.3
Fighting       | 4 5 6 7 8 |  8.8
Armour         | 4 5 6 7 8 |  8.8
Shields        | 4 5 6 7 8 |  8.8
Throwing       | 1 3 4 5 |  5.3
Evocations     | 2 3 4 |  4.7

Action                   |  1- 3 |  4- 6 |  7- 9 | 10-12 || total
-------------------------+-------+-------+-------+-------++-------
Melee: War axe           |    78 |   135 |   202 |    73 ||   488
       Headbutt          |     8 |    28 |    37 |    25 ||    98
       Flail             |       |       |       |    58 ||    58
Invok: Berserk           |       |       |       |     1 ||     1
       Trog's Hand       |       |       |       |     1 ||     1
Evoke: Wand              |       |       |     2 |     3 ||     5
  Use: Scroll            |       |     8 |       |       ||     8
       Potion            |       |       |       |     1 ||     1
 Stab: Paralysed         |       |       |     3 |     7 ||    10
       Invisible         |       |       |       |     1 ||     1
  Eat: Chunk             |       |     7 |     7 |     2 ||    16
       Ration            |       |       |       |     1 ||     1
Armor: Scale mail        |    27 |       |       |       ||    27
       Plate armour      |    34 |    84 |   159 |    89 ||   366
Dodge: Dodged            |    23 |    29 |    45 |    34 ||   131
Block: Shield            |    44 |    75 |   113 |    88 ||   320

Table legend:
 A = Spawn XP
 B = Non-spawn XP
 C = Spawn XP percentage of total XP
 D = Spawn monster count
 E = Non-spawn monster count
 F = Spawn count percentage of total count
 G = Total turns spent on level
                    A         B        C        D         E        F      G
               +---------+---------+-------+---------+---------+-------+---------
         Total |       0 |   10218 |   0.0 |       0 |     165 |   0.0 |  6421
               +---------+---------+-------+---------+---------+-------+---------
           D:1 |       0 |       6 |   0.0 |       0 |       4 |   0.0 |    50
           D:2 |       0 |      50 |   0.0 |       0 |      19 |   0.0 |   635
           D:3 |       0 |     205 |   0.0 |       0 |      28 |   0.0 |  1326
           D:4 |       0 |     230 |   0.0 |       0 |      18 |   0.0 |   796
           D:5 |       0 |     729 |   0.0 |       0 |      23 |   0.0 |   994
           D:6 |       0 |     388 |   0.0 |       0 |      11 |   0.0 |   641
           D:7 |       0 |    2361 |   0.0 |       0 |      17 |   0.0 |   849
           D:8 |       0 |    5440 |   0.0 |       0 |      40 |   0.0 |  1047
           D:9 |       0 |     809 |   0.0 |       0 |       5 |   0.0 |    83
               +---------+---------+-------+---------+---------+-------+---------
